 Dungeon Crawl Stone Soup version 0.26.1-11-gd32895ea62 (webtiles) character file.

Game seed: 12874864262135409241

541653 Ijustatesigmund the Octopoid Aeon (level 26, -42/193 HPs)
             Began as an Octopode Fighter on July 5, 2021.
             Was the Champion of Cheibriados.
             Annihilated by a juggernaut zombie (55 damage)
             ... in the Vestibule of Hell on July 6, 2021.
             The game lasted 03:06:13 (71311 turns).

Ijustatesigmund the Octopoid Aeon (OpFi)           Turns: 71311, Time: 03:06:14

Health: -42/193    AC: 11    Str: 35    XL:     26   Next: 1%
Magic:  3/12       EV: 34    Int: 31    God:    Cheibriados [******]
Gold:   1282       SH: 27    Dex: 45    Spells: 14/31 levels left

rFire    + + +     SeeInvis +   T - +8 morningstar of Red Wine {antimagic, rF++ Will++ Str-2}
rCold    . . .     Faith    .   b - +4 kite shield
rNeg     + + +     Spirit   .   S - +2 hat
rPois    +         Reflect  +   B - amulet "Ifouh" {Reflect rN++ Dex+4 SH+5}
rElec    +         Harm     .   s - +4 ring of protection
rCorr    .         Rampage  .   l - ring of Summertime {Wiz rF+ Dex+4 SInv}
Will     +++++                  N - +4 ring of slaying
Stlth    +++++++++.             w - ring "Qisekeig" {+Blink rN+ Will+ Str+3 Dex+2}
HPRegen  0.42/turn              q - ring "Ymiph" {rPois Will+ Stlth-}
MPRegen  0.13/turn              c - ring "Jetwerru" {AC+4 Dex+6}
                                Z - +4 ring of slaying
                                U - ring of Buyf {Wiz rElec rN++}

@: wereblooded, very slightly contaminated, invisible, very slow
A: almost no armour, stealthy swim, amphibious, 8 rings, constrict 8, camouflage
1, gelatinous body 1
}: 3/15 runes: decaying, silver, gossamer
a: Renounce Religion, Evoke Blink, Bend Time, Temporal Distortion, Slouch, Step
From Time


You were in the Vestibule of Hell.
You worshipped Cheibriados.
Cheibriados was exalted by your worship.
You visited 10 branches of the dungeon, and saw 45 of its levels.
You visited 2 bazaars.
You also visited: Gauntlet, Ice Cave and Wizlab.

You collected 5880 gold pieces.
You spent 4598 gold pieces at shops.

Inventory:

Hand Weapons
 a - a +9 flail of protection
 J - a +7 demon whip of flaming
 T - the +8 morningstar of Red Wine (weapon) {antimagic, rF++ Will++ Str-2}
   (You bought it in a shop on level 2 of the Orcish Mines)

   It reduces the magical energy of the wielder, and disrupts the spells and
   magical abilities of those hit.
   Natural abilities and divine invocations are not affected.
   It affects your strength (-2).
   It greatly protects you from fire.
   It affects your willpower, your defense against some magical effects.
Missiles
 u - 6 silver javelins (quivered)
Armour
 b - a +4 kite shield (worn)
 S - a +2 hat (worn)
Jewellery
 c - the ring "Jetwerru" (on tentacle) {AC+4 Dex+6}
   (You found it in a Gauntlet)

   [ring of protection]

   It affects your AC (+4).
   It affects your dexterity (+6).
 k - the ring "Qicokk" {rPois rF+ Str-5 Dex-3 SInv}
   (You found it on level 3 of the Elven Halls)

   [ring of protection from fire]

   It affects your strength (-5).
   It affects your dexterity (-3).
   It protects you from fire.
   It protects you from poison.
   It lets you see invisible.
 l - the ring of Summertime (right tentacle) {Wiz rF+ Dex+4 SInv}
   (You bought it in a shop on level 1 of the Depths)

   [ring of wizardry]

   It improves your spell success rate.
   It affects your dexterity (+4).
   It protects you from fire.
   It lets you see invisible.
 q - the ring "Ymiph" (on tentacle) {rPois Will+ Stlth-}
   (You found it in a Gauntlet)

   [ring of attention]

   It protects you from poison.
   It affects your willpower, your defense against some magical effects.
   It makes you less stealthy.
 s - a +4 ring of protection (left tentacle)
 w - the ring "Qisekeig" (on tentacle) {+Blink rN+ Will+ Str+3 Dex+2}
   (You found it on level 15 of the Dungeon)

   [ring of positive energy]

   It affects your strength (+3).
   It affects your dexterity (+2).
   It protects you from negative energy.
   It affects your willpower, your defense against some magical effects.
   It lets you blink.
 B - the amulet "Ifouh" (around mantle) {Reflect rN++ Dex+4 SH+5}
   (You bought it in a shop in a bazaar)

   [amulet of reflection]

   It shields you and reflects attacks.
   It affects your dexterity (+4).
   It greatly protects you from negative energy.
   It affects your SH (+5).
 C - the amulet "Qacsa" {RegenMP Fragile Dex+6}
   (You found it in a wizard's laboratory)

   [amulet of magic regeneration]

   It increases your magic regeneration.
   It affects your dexterity (+6).
   It will be destroyed if unequipped.
 F - the ring "Duoxt" {Wiz rN+ Str-2 SInv}
   (You found it on level 2 of the Swamp)

   [ring of wizardry]

   It improves your spell success rate.
   It affects your strength (-2).
   It protects you from negative energy.
   It lets you see invisible.
 K - an uncursed ring of protection from fire
 N - a +4 ring of slaying (on tentacle)
 U - the ring of Buyf (on tentacle) {Wiz rElec rN++}
   (You found it on level 14 of the Dungeon)

   [ring of wizardry]

   It improves your spell success rate.
   It insulates you from electricity.
   It greatly protects you from negative energy.
 V - an uncursed ring of wizardry
 Z - a +4 ring of slaying (on tentacle)
Wands
 f - a wand of disintegration (36)
 p - a wand of acid (13)
 x - a wand of enslavement (41)
 z - a wand of polymorph (40)
 H - a wand of paralysis (18)
 I - a wand of digging (6)
 L - a wand of iceblast (17)
Scrolls
 d - 6 scrolls of fear
 h - 12 scrolls of teleportation
 m - 5 scrolls of fog
 n - 2 scrolls of magic mapping
 o - 4 scrolls of blinking
 t - 9 scrolls of amnesia
 E - 5 scrolls of immolation
 G - 21 scrolls of remove curse
 M - 10 scrolls of identify
 X - 4 scrolls of summoning
 Y - 4 scrolls of holy word
Potions
 e - 3 potions of might
 g - a potion of resistance
 i - 14 potions of flight
 j - 11 potions of attraction
 r - 6 potions of ambrosia
 v - 4 potions of mutation
 A - 13 potions of curing
 D - 4 potions of lignification
 O - 6 potions of brilliance
 Q - 5 potions of heal wounds
 W - 2 potions of cancellation
Miscellaneous
 R - a condenser vane (inert)


   Skills:
 + Level 19.2 Fighting
 - Level 8.9(14.8) Axes
 - Level 18.6(19.1) Maces & Flails
 + Level 14.5 Dodging
 - Level 19.5 Stealth
 + Level 13.6 Shields
 - Level 3.4 Spellcasting
 - Level 9.0 Necromancy
 - Level 6.1 Translocations
 - Level 5.9 Transmutations
 + Level 21.2 Invocations
 - Level 16.4 Evocations


You had 14 spell levels left.
You knew the following spells:

 Your Spells              Type           Power        Failure   Level
a - Magic Dart            Conj           20%          2%          1
b - Blink                 Tloc           N/A          1%          2
c - Apportation           Tloc           86%          1%          1
d - Passage of Golubria   Tloc           N/A          1%          4
e - Wereblood             Tmut           42%          1%          2
f - Animate Dead          Necr           28%          1%          4
g - Lesser Beckoning      Tloc           21%          1%          3

Your spell library contained the following spells:

 Spells                   Type           Power        Failure   Level
 Animate Skeleton         Necr           100%         1%          1
 Beastly Appendage        Tmut           84%          1%          1
 Pain                     Necr           100%         1%          1
 Sting                    Tmut/Pois      92%          1%          1
 Corpse Rot               Necr/Air       N/A          1%          2
 Passwall                 Tmut/Erth      19%          1%          2
 Sublimation of Blood     Necr           28%          1%          2
 Gell's Gravitas          Tloc           21%          1%          3
 Portal Projectile        Hex/Tloc       48%          1%          3
 Spider Form              Tmut/Pois      11%          1%          3
 Teleport Other           Tloc           43%          1%          3
 Vampiric Draining        Necr           28%          1%          3
 Agony                    Necr           57%          1%          5
 Corona                   Hex            5%           2%          1
 Foxfire                  Conj/Fire      20%          2%          1
 Freeze                   Ice            20%          2%          1
 Sandblast                Erth           10%          2%          1
 Shock                    Conj/Air       20%          2%          1
 Summon Small Mammal      Summ           20%          2%          1
 Ignite Poison            Fire/Tmut/Pois 17%          2%          3
 Call Imp                 Summ           5%           3%          2
 Poisonous Vapours        Pois/Air       10%          3%          2
 Slow                     Hex            5%           3%          2
 Swiftness                Air            5%           3%          2
 Blade Hands              Tmut           21%          5%          5
 Call Canine Familiar     Summ           5%           6%          3
 Confusing Touch          Hex            5%           6%          3
 Conjure Flame            Conj/Fire      5%           6%          3
 Frozen Ramparts          Ice            10%          6%          3
 Inner Flame              Hex/Fire       5%           6%          3
 Mephitic Cloud           Conj/Pois/Air  5%           6%          3
 Ozocubu's Armour         Ice            5%           6%          3
 Stone Arrow              Conj/Erth      10%          6%          3
 Summon Guardian Golem    Hex/Summ       5%           6%          3
 Ice Form                 Ice/Tmut       23%          6%          4
 Iskenderun's Mystic Bla  Conj/Tloc      24%          6%          4
 Petrify                  Tmut/Erth      23%          6%          4
 Death Channel            Necr           28%          8%          6
 Borgnjor's Vile Clutch   Necr/Erth      16%          9%          5
 Alistair's Intoxication  Tmut/Pois      15%          16%         5
 Irradiate                Conj/Tmut      11%          16%         5
 Summon Forest            Summ/Tloc      12%          16%         5
 Yara's Violent Unravell  Hex/Tmut       11%          16%         5
 Airstrike                Air            2%           19%         4
 Cause Fear               Hex            2%           19%         4
 Hailstorm                Conj/Ice       5%           19%         4
 Leda's Liquefaction      Hex/Erth       2%           19%         4
 Olgreb's Toxic Radiance  Pois           5%           19%         4
 Summon Ice Beast         Ice/Summ       5%           19%         4
 Summon Lightning Spire   Summ/Air       5%           19%         4
 Dispersal                Tloc           21%          24%         6
 Hydra Form               Tmut           21%          26%         6
 Simulacrum               Ice/Necr       16%          41%         6
 Bolt of Magma            Conj/Fire/Erth 2%           45%         5
 Fireball                 Conj/Fire      2%           45%         5
 Iskenderun's Battlesphe  Conj           5%           45%         5
 Lee's Rapid Deconstruct  Erth           2%           45%         5
 Metabolic Englaciation   Hex/Ice        2%           45%         5
 Silence                  Hex/Air        2%           45%         5
 Summon Demon             Summ           2%           45%         5
 Summon Mana Viper        Hex/Summ       5%           45%         5
 Eringya's Noxious Bog    Tmut/Pois      11%          61%         6
 Conjure Ball Lightning   Conj/Air       2%           94%         6
 Freezing Cloud           Conj/Ice/Air   2%           94%         6
 Invisibility             Hex            5%           94%         6
 Iron Shot                Conj/Erth      2%           94%         6
 Shadow Creatures         Summ           N/A          94%         6
 Malign Gateway           Summ/Tloc      12%          98%         7
 Orb of Destruction       Conj           2%           100%        7
 Spellforged Servitor     Conj/Summ      2%           100%        7
 Summon Hydra             Summ           2%           100%        7
 Disjunction              Tloc           21%          100%        8
 Tornado                  Air            2%           100%        9


Dungeon Overview and Level Annotations

Branches:
Dungeon (15/15)            Temple (1/1) D:7            Lair (6/6) D:11
  Swamp (4/4) Lair:3       Spider (4/4) Lair:2        Slime (0/5) Lair:6
    Orc (2/2) D:11            Elf (3/3) Orc:2        Vaults (5/5) D:14
  Crypt (0/3) Vaults:3     Depths (4/5) D:15           Hell (1/1)
    Tar (0/7) Hell          IceCv (visited)          WizLab (visited)
Gauntlet (visited)
    Dis: Hell:1         Geh: Hell:1         Coc: Hell:1

Altars:
Ashenzari
Cheibriados
Dithmenos
Elyvilon
Fedhas
Gozag
Hepliaklqana
Kikubaaqudgha
Makhleb
Nemelex Xobeh
Okawaru
Qazlal
Ru
Sif Muna
Trog
Uskayaw
Vehumet
Wu Jian
Xom
Yredelemnul
Zin
The Shining One
Lugonu

Shops:
D:7 !   Orc:1 }   Orc:2 ?*!(?   Elf:1 *(:*!   Elf:2 :   Elf:3 [*   Vaults:2 :(
Vaults:4 [   Vaults:5 ?*!   Depths:1 =}=

Portals:
Hell: Depths:1 Depths:2 Depths:3
Abyss: Orc:2 Depths:1
Pandemonium: Depths:2 Depths:3

Annotations:
Lair:5 exclusion: oklob plant
Elf:1 1 runed translucent door, Hynwimna's ghost, veteran MiGl
Elf:2 1 runed translucent door, RepoMan's ghost, adept VSIE
Hell Geryon


Innate Abilities, Weirdness & Mutations

You cannot wear most types of armour.
You are very stealthy in the water. (Stealth+)
You are amphibious.
You can wear up to eight rings at the same time.
You can use your tentacles to constrict eight enemies at once.
Your skin changes colour to match your surroundings (Stealth+).
Your rubbery body absorbs attacks. (AC +1, EV +1)


Message History

The golden dragon zombie completely misses you.
The golden dragon zombie claws you!
* * * LOW HITPOINT WARNING * * *
You block the golden dragon zombie's attack.
Magic courses through your body.
You are engulfed in freezing vapours.
* * * LOW HITPOINT WARNING * * *
The golden dragon zombie is no longer covered in acid.
The frost giant zombie is engulfed in freezing vapours.
You block the frost giant zombie's attack.
The golden dragon zombie is engulfed in freezing vapours.
You block the golden dragon zombie's attack. x2
The golden dragon zombie tramples you but does no damage.
You step out of the flow of time.
You return to the normal time flow.
A reaper and a zombie come into view.
The reaper is wielding a +2 scythe of pain.
The reaper moves out of view.
You fade into invisibility!
You are very lightly contaminated with residual magic.
The juggernaut zombie hits you!!!
You die...

.###.......##
.#..#...#..## .
##...........# ..
#....#...#....
.#.#.............
..#...#.......#..
#Z......Z..)....
#...#..@∩...#.
#..............
###############


You could see a golden dragon zombie (wandering) and a juggernaut zombie.

Vanquished Creatures
  2 ancient liches (Vaults:5)
  Mennas (Vaults:5)
  A juggernaut (Depths:3)
  5 golden dragons
  A Brimstone Fiend (WizLab)
  Asterion (Depths:2)
  4 tentacled monstrosities
  6 titans
  3 deep elf master archers (Elf:3)
  A deep elf blademaster (Elf:3)
  3 sphinxes
  A thorn hunter (Swamp:4)
  5 tengu reavers
  6 shadow dragons
  5 storm dragons
  Roxanne (Swamp:3)
  11 fire giants
  A revenant (Hell)
  7 frost giants
  3 deep elf sorcerers
  2 cacodemons (WizLab)
  5 ghost moths
  2 balrugs (WizLab)
  3 deep elf elementalists (Elf:3)
  An orc warlord (Vaults:4)
  13 emperor scorpions
  16 vault wardens
  Aizul (Spider:4)
  15 ironheart preservers
  14 very ugly things
  24 stone giants
  4 war gargoyles
  Nessos (Lair:4)
  7 entropy weavers
  2 deep elf demonologists (Elf:3)
  2 dire elephants
  9 deep elf annihilators
  A bunyip (shapeshifter) (Vaults:5)
  9 bunyips
  5 spark wasps
  A minotaur (Gauntlet)
  2 green deaths (WizLab)
  5 eleionomae
  4 jiangshi
  3 shambling mangroves
  10 deep elf death magi
  Josephine (D:10)
  11 ettins
  3 fire dragons
  3 deep elf high priests
  16 yaktaur captains
  4 boulder beetles
  6 great orbs of eyes
  26 hydras
  32 vault guards
  A rakshasa (Vaults:2)
  A spriggan air mage (Depths:2)
  4 catoblepae
  5 ghost crabs
  8 ice dragons
  An ice dragon (shapeshifter) (Vaults:5)
  12 ogre magi
  5 death knights
  8 death yaks
  32 dancing weapons
  12 alligators
  15 centaur warriors
  4 deep troll shamans
  A vampire mage (Depths:3)
  39 two-headed ogres
  A spriggan berserker (Depths:2)
  6 tengu warriors
  6 deep troll earth magi
  3 hell hogs (Hell)
  Urug (Orc:1)
  2 spriggans
  2 soul eaters (WizLab)
  16 deep elf knights
  4 sun demons
  A skeletal warrior (D:12)
  4 iron trolls
  6 fire crabs
  15 hell knights
  2 shadow wraiths
  5 goliath frogs
  A goliath frog (shapeshifter) (Vaults:5)
  6 unseen horrors
  2 spriggan druids
  A sea snake (shapeshifter) (Depths:3)
  2 glowing orange brains
  2 shadow demons
  27 deep trolls
  A flayed ghost (Vaults:3)
  An obsidian statue (D:14)
  14 ironbrand convokers
  32 deep elf archers
  A glowing orange brain (shapeshifter) (Depths:2)
  5 bog bodies
  An orange crystal statue (D:15)
  A torturous demonspawn (Depths:2)
  10 swamp dragons
  8 necromancers
  6 wizards
  6 harpies (Vaults:3)
  5 phantasmal warriors
  A lindwurm (Lair:6)
  15 orc knights
  A wolf spider (shapeshifter) (Vaults:1)
  28 wolf spiders
  A manticore (shapeshifter) (Depths:1)
  17 orb spiders
  An orc sorcerer (Orc:2)
  39 ugly things
  4 will-o-the-wisps
  6 cyclopes
  87 deep elf magi
  6 manticores
  3 centaur zombies
  14 elephants
  12 vault sentinels
  A molten gargoyle (Gauntlet)
  A moth of wrath (Spider:3)
  7 black mambas
  An apocalypse crab (Lair:5)
  5 torpor snails
  A smoke demon (WizLab)
  A guardian serpent (shapeshifter) (Depths:1)
  4 spriggan zombies
  A gargoyle (Gauntlet)
  2 kobold demonologists (D:14)
  16 cane toads
  7 rime drakes
  Maggie (D:8)
  A komodo dragon (shapeshifter) (Depths:3)
  13 komodo dragons
  A spriggan skeleton (Depths:1)
  An anaconda simulacrum (Hell)
  An entropy weaver simulacrum (Vaults:3)
  26 yaktaurs
  9 demonic crawlers
  2 ice devils
  15 freezing wraiths
  A jumping spider (shapeshifter) (D:14)
  A meliai (shapeshifter) (Vaults:5)
  33 jumping spiders
  3 meliai (D:15)
  2 tengu conjurers
  A wolf spider simulacrum (IceCv)
  5 polar bears
  A red devil (Depths:2)
  12 trolls
  2 wind drakes (shapeshifter)
  21 hornets
  A bloated husk (Swamp:1)
  22 slime creatures
  9 tyrant leeches
  12 blink frogs
  15 dream sheep (Lair:5)
  A meliai zombie (D:14)
  6 water elementals
  Sigmund (D:6)
  An air elemental (Elf:1)
  6 wyverns
  2 ynoxinuls (WizLab)
  A redback (shapeshifter) (Vaults:3)
  A spriggan (shapeshifter) (D:15)
  2 shadows
  3 basilisks
  57 redbacks
  An ettin skeleton (Depths:1)
  85 yaks
  3 vampires
  A yak (shapeshifter) (D:14)
  9 wraiths
  26 tarantellas
  Eustachio (D:6)
  2 basilisks (shapeshifter)
  8 fire bats
  2 fire elementals
  A steam dragon (shapeshifter) (Vaults:4)
  A human (shapeshifter) (Depths:1)
  27 vampire mosquitoes
  9 wargs
  2 neqoxecs (WizLab)
  Edmund (D:5)
  14 swamp worms
  3 soldier ants
  A warg (shapeshifter) (Vaults:3)
  Duvessa (D:6)
  6 acid dragons
  40 water moccasins
  2 floating eyes
  8 hell hounds
  44 orc warriors
  13 swamp drakes
  An alligator simulacrum (IceCv)
  7 black bears
  A phantom (D:8)
  9 ice beasts
  A black bear (shapeshifter) (Vaults:3)
  3 sky beasts
  7 boggarts
  An eye of draining (D:13)
  An ettin simulacrum (Vaults:3)
  7 wolves
  41 ogres
  16 centaurs
  6 big kobolds
  A gnoll sergeant (D:7)
  Dowan (D:6)
  28 bullfrogs
  2 wyvern zombies
  3 earth elementals (Elf:2)
  8 scorpions
  2 wyvern skeletons
  13 killer bees
  An elephant simulacrum (IceCv)
  6 electric eels
  19 wights
  4 howler monkeys
  2 lava snakes (Elf:3)
  3 bullfrog zombies
  5 draconian simulacra (IceCv)
  4 centaur skeletons
  An iron imp (Depths:1)
  15 orc priests
  Crazy Yiuf (D:6)
  8 hounds
  20 jellies
  26 orc wizards
  5 bullfrog skeletons
  5 iguanas
  7 hell rats (Lair:5)
  A polar bear simulacrum (IceCv)
  Ijyb (D:4)
  2 spriggan simulacra (IceCv)
  8 troll simulacra (IceCv)
  4 worker ants
  A centaur simulacrum (IceCv)
  A hound zombie (D:9)
  2 hound skeletons
  3 worker ant zombies
  8 gnolls
  31 adders
  A naga simulacrum (IceCv)
  7 river rats (Lair:5)
  3 ogre simulacra (IceCv)
  3 shadow imps
  13 white imps
  4 ufetubi
  11 oozes
  An adder zombie (D:6)
  2 adder skeletons (D:5)
  2 worms
  4 dart slugs (D:1)
  6 leopard geckos
  80 orcs
  6 bats
  7 giant cockroaches
  8 goblins
  5 hobgoblins
  10 jackals
  29 kobolds
  A quokka (D:6)
  5 ball pythons
  5 frilled lizards
  A leopard gecko zombie (D:6)
  13 rats
2150 creatures vanquished.

Vanquished Creatures (collateral kills)
  A deep elf elementalist (Elf:3)
  A very ugly thing (Depths:3)
  An ice dragon (Depths:3)
  A deep troll shaman (Depths:3)
  A deep troll (Depths:3)
  A deep elf archer (Elf:2)
  2 orb spiders
  3 ugly things
  A deep elf mage (Elf:2)
  A manticore (D:15)
  A redback (Spider:4)
  A fire dragon skeleton (Depths:1)
  A black bear (shapeshifter) (Depths:2)
16 creatures vanquished.

Vanquished Creatures (others)
  An entropy weaver (Lair:5)
  2 alligators (Swamp:4)
  An ogre mage (Vaults:3)
  A deep troll earth mage (D:15)
  A goliath frog (Swamp:4)
  An orb spider (Spider:3)
  3 deep elf magi (Elf:2)
  A cyclops (Orc:2)
  A hornet (Swamp:4)
  2 bloated husks
  A spriggan (Swamp:4)
  A yak (Lair:3)
  A vampire mosquito (Swamp:1)
  A swamp drake (Swamp:4)
  A white imp (IceCv)
  2 orcs
  A bush (Lair:3)
  23 foxfires
  43 fungi
  2 lurking horrors (Orc:2)
  108 plants
  5 tentacles (Hell)
  8 toadstools (D:2)
211 creatures vanquished.

Grand Total: 2377 creatures vanquished

Notes
Turn   | Place    | Note
-------+----------+-------------------------------------------
     0 | D:1      | Ijustatesigmund the Octopode Fighter began the quest for
                  | the Orb.
     0 | D:1      | Reached XP level 1. HP: 16/16 MP: 1/1
   266 | D:1      | Reached XP level 2. HP: 15/21 MP: 2/2
   582 | D:1      | Reached XP level 3. HP: 24/26 MP: 3/3
  1010 | D:2      | Reached XP level 4. HP: 32/32 MP: 4/4
  1023 | D:2      | Reached skill level 1 in Stealth
  1186 | D:2      | Reached XP level 5. HP: 28/37 MP: 5/5
  1691 | D:2      | Found a sparkling altar of Nemelex Xobeh.
  2184 | D:3      | Reached XP level 6. HP: 43/43 MP: 6/6
  3178 | D:4      | Found an ornate altar of the Wu Jian Council.
  3188 | D:4      | Reached skill level 5 in Maces & Flails
  3188 | D:4      | Reached XP level 7. HP: 42/49 MP: 7/7
  3230 | D:4      | Noticed Ijyb
  3240 | D:4      | Killed Ijyb
  3985 | D:5      | Entered Level 5 of the Dungeon
  3991 | D:5      | Noticed Edmund
  4005 | D:5      | Killed Edmund
  4158 | D:5      | Reached skill level 5 in Fighting
  4377 | D:5      | Found a broken altar of Ashenzari.
  4377 | D:5      | Found a basalt altar of Yredelemnul.
  4377 | D:5      | Found a shadowy altar of Dithmenos.
  4381 | D:5      | Found a transporter.
  4471 | D:5      | Found an opulent altar of Gozag.
  4499 | D:5      | Reached skill level 5 in Stealth
  4744 | D:5      | Found a transporter.
  4766 | D:5      | Reached XP level 8. HP: 55/55 MP: 8/8
  4868 | D:6      | Reached skill level 1 in Evocations
  5024 | D:6      | Noticed Eustachio
  5029 | D:6      | Killed Eustachio
  5182 | D:6      | Noticed Dowan
  5185 | D:6      | Noticed Duvessa
  5196 | D:6      | Killed Duvessa
  5197 | D:6      | Reached skill level 5 in Shields
  5197 | D:6      | Reached XP level 9. HP: 62/62 MP: 9/9
  5198 | D:6      | Killed Dowan
  5199 | D:6      | Reached skill level 5 in Dodging
  5536 | D:6      | Noticed Sigmund
  5546 | D:6      | Killed Sigmund
  5865 | D:6      | Found a runed translucent door.
  5866 | D:6      | Noticed Crazy Yiuf
  5875 | D:6      | Killed Crazy Yiuf
  6195 | D:7      | Found Ymopnio's Distillery.
  6454 | D:7      | Found a staircase to the Ecumenical Temple.
  6522 | D:7      | Identified the Reference Book on Conjuration
  6537 | D:7      | Bought a potion of lignification for 39 gold pieces
  6852 | D:7      | Reached XP level 10. HP: 65/69 MP: 10/10
  6944 | D:7      | Found a glowing golden altar of the Shining One.
  7069 | D:8      | Found a stormy altar of Qazlal.
  7274 | D:8      | Noticed Maggie
  7277 | D:8      | Reached skill level 5 in Evocations
  7285 | D:8      | Killed Maggie
  8115 | D:9      | Found a radiant altar of Vehumet.
  8754 | D:9      | Noticed a moth of wrath
  8757 | D:9      | Found a bloodstained altar of Trog.
  9072 | D:9      | Reached XP level 11. HP: 77/77 MP: 11/11
  9257 | D:10     | Entered Level 10 of the Dungeon
  9641 | D:10     | Noticed Josephine
  9658 | D:10     | Killed Josephine
 10624 | D:11     | Noticed a manticore
 10636 | D:11     | Found a gate leading to a gauntlet.
 10653 | Gauntlet | Entered a Gauntlet
 10653 | Gauntlet | Found a transporter.
 10653 | Gauntlet | Found a transporter.
 10653 | Gauntlet | Noticed a large abomination
 10655 | Gauntlet | Noticed a fire crab
 10657 | Gauntlet | Found a transporter.
 10657 | Gauntlet | Found a transporter.
 10657 | Gauntlet | Found a transporter.
 10659 | Gauntlet | Found a large runed translucent door.
 10660 | Gauntlet | Found a large runed translucent door.
 10662 | Gauntlet | Found a large runed translucent door.
 10662 | Gauntlet | Found a large runed translucent door.
 10662 | Gauntlet | Found a runed translucent door.
 10663 | Gauntlet | Found a large runed translucent door.
 10670 | Gauntlet | Found a transporter.
 10672 | Gauntlet | Found a transporter.
 10678 | Gauntlet | Found a large runed translucent door.
 10679 | Gauntlet | Found a large runed translucent door.
 10680 | Gauntlet | Found a large runed translucent door.
 10682 | Gauntlet | Found a runed translucent gate.
 10683 | Gauntlet | Noticed a catoblepas
 10684 | Gauntlet | Found a transporter.
 10694 | Gauntlet | Found a transporter.
 10694 | Gauntlet | Found a runed translucent gate.
 10695 | Gauntlet | Found a runed translucent gate.
 10696 | Gauntlet | Found a large runed translucent door.
 10696 | Gauntlet | Found a large runed translucent door.
 10697 | Gauntlet | Found a large runed translucent door.
 10698 | Gauntlet | Found a large runed translucent door.
 10710 | Gauntlet | Found a large runed translucent door.
 10710 | Gauntlet | Found a large runed translucent door.
 10710 | Gauntlet | Found a runed translucent door.
 10711 | Gauntlet | Found a large runed translucent door.
 10712 | Gauntlet | Found a large runed translucent door.
 10768 | Gauntlet | Found a transporter.
 10782 | Gauntlet | Found a transporter.
 10798 | Gauntlet | Found a transporter.
 10799 | Gauntlet | Noticed an oklob plant
 10886 | Gauntlet | Killed a fire crab
 10904 | Gauntlet | Got a smoking amber ring
 10912 | Gauntlet | Identified the ring "Ymiph" {rPois Will+ Stlth-} (You found
                  | it in a Gauntlet)
 11072 | Gauntlet | Killed a catoblepas
 11076 | Gauntlet | Got a vibrating granite ring
 11077 | Gauntlet | Identified the ring "Jetwerru" {AC+4 Dex+6} (You found it
                  | in a Gauntlet)
 11117 | Gauntlet | Noticed a soul eater
 11235 | Gauntlet | Identified the cursed +0 fustibalus "Kitokiv" {venom, Will+
                  | Str+3 Int-5 SInv}
 11235 | Gauntlet | Noticed a minotaur
 11247 | Gauntlet | Killed a minotaur
 11527 | D:11     | Killed a manticore
 11547 | D:11     | Noticed a cyan ugly thing
 11563 | D:11     | Reached XP level 12. HP: 85/85 MP: 12/12
 11895 | D:11     | Found a staircase to the Orcish Mines.
 11956 | D:11     | Noticed a two-headed ogre
 11958 | D:11     | Found a staircase to the Lair.
 12261 | D:11     | Reached skill level 10 in Maces & Flails
 12647 | D:11     | Killed a two-headed ogre
 12648 | D:11     | Reached skill level 10 in Fighting
 13216 | Temple   | Entered the Ecumenical Temple
 13334 | Temple   | Became a worshipper of Cheibriados the Contemplative
 13537 | D:12     | Reached skill level 2 in Invocations
 13704 | D:12     | Reached skill level 3 in Invocations
 13830 | D:12     | Reached skill level 4 in Invocations
 13848 | D:13     | Noticed an eight-headed hydra
 13861 | D:12     | Noticed a boulder beetle
 13879 | D:12     | Noticed a spark wasp
 13879 | D:12     | a boulder beetle changed into a spark wasp
 13884 | D:12     | Killed a spark wasp
 13885 | D:12     | Reached skill level 5 in Invocations
 13888 | D:12     | Noticed a death knight
 14063 | D:12     | Reached * piety under Cheibriados
 14064 | D:12     | Reached skill level 6 in Invocations
 14205 | D:12     | Reached skill level 7 in Invocations
 14301 | D:13     | Noticed a centaur warrior
 14326 | D:12     | Reached XP level 13. HP: 34/92 MP: 18/18
 14787 | D:12     | Reached skill level 8 in Invocations
 15254 | Lair:1   | Entered Level 1 of the Lair of Beasts
 15292 | Lair:1   | Reached ** piety under Cheibriados
 15293 | Lair:1   | Reached skill level 9 in Invocations
 16556 | Lair:1   | Reached *** piety under Cheibriados
 16792 | Lair:2   | Reached skill level 10 in Dodging
 16985 | Lair:2   | Found a hole to the Spider Nest.
 17517 | Lair:3   | Reached skill level 10 in Shields
 17618 | Lair:3   | Reached **** piety under Cheibriados
 17759 | Lair:3   | Found a staircase to the Swamp.
 18075 | Lair:3   | Learned a level 1 spell: Magic Dart
 18078 | Lair:3   | Learned a level 2 spell: Blink
 18462 | Lair:3   | Reached skill level 1 in Axes
 18704 | Lair:3   | Reached skill level 10 in Invocations
 18718 | Lair:3   | Reached skill level 1 in Translocations
 18951 | Lair:4   | Reached XP level 14. HP: 99/99 MP: 21/21
 19006 | Lair:4   | Reached ***** piety under Cheibriados
 19419 | Lair:4   | Noticed Nessos
 19425 | Lair:4   | Killed Nessos
 19771 | Lair:4   | Reached skill level 5 in Axes
 20251 | Lair:5   | Found a frozen archway.
 20651 | IceCv    | Entered an ice cave
 20660 | IceCv    | Reached skill level 11 in Invocations
 20774 | IceCv    | Reached ****** piety under Cheibriados
 20948 | IceCv    | Found an ancient bone altar of Kikubaaqudgha.
 21662 | Lair:5   | Reached skill level 5 in Translocations
 21669 | Lair:5   | Reached XP level 15. HP: 83/105 MP: 17/23
 21990 | Lair:5   | Found a runed translucent door.
 24064 | Lair:5   | Got a smoking silver ring
 24743 | Lair:5   | Identified the ring of Oceraub {*Tele rF+ rC- Str+4 Stlth+}
                  | (You found it on level 5 of the Lair of Beasts)
 24783 | Lair:6   | Entered Level 6 of the Lair of Beasts
 24857 | Lair:6   | Reached skill level 1 in Spellcasting
 25147 | Lair:6   | Found a staircase to the Slime Pits.
 25493 | Lair:6   | Reached skill level 12 in Invocations
 26013 | Lair:6   | Reached XP level 16. HP: 87/112 MP: 25/25
 26402 | Lair:6   | Found the +11 plutonium sword {*Contam Stlth-}
 26725 | Orc:1    | Entered Level 1 of the Orcish Mines
 26725 | Orc:1    | Noticed Urug
 26736 | Orc:1    | Killed Urug
 27281 | Orc:2    | Entered Level 2 of the Orcish Mines
 27349 | Orc:2    | Found a staircase to the Elven Halls.
 27425 | Orc:2    | Found a corrupted altar of Lugonu.
 27427 | Orc:2    | Found a one-way gate to the infinite horrors of the Abyss.
 27815 | Orc:1    | Found Ucve's Gadget Shop.
 28209 | Orc:2    | Found Vaugeing's Magic Scroll Shoppe.
 28253 | Orc:2    | Bought a scroll of identify for 22 gold pieces
 28253 | Orc:2    | Bought a scroll of identify for 22 gold pieces
 28253 | Orc:2    | Bought a scroll of teleportation for 33 gold pieces
 28253 | Orc:2    | Bought a scroll of blinking for 82 gold pieces
 28253 | Orc:2    | Bought a scroll of brand weapon for 220 gold pieces
 28520 | Orc:2    | Reached skill level 10 in Stealth
 28716 | Orc:2    | Found Mimyant's General Store.
 28716 | Orc:2    | Found Engologh's Distillery.
 28717 | Orc:2    | Found Onueven's Antique Weapon Shop.
 28717 | Orc:2    | Found Mupnufaz's Magic Scroll Shoppe.
 28730 | Orc:2    | Bought a fine morningstar for 315 gold pieces
 28730 | Orc:2    | Identified the +8 morningstar of Red Wine {antimagic, rF++
                  | Will++ Str-2} (You bought it in a shop on level 2 of the
                  | Orcish Mines)
 28829 | Orc:2    | Bought a potion of heal wounds for 70 gold pieces
 29231 | Orc:2    | Bought a scroll of acquirement for 728 gold pieces
 29231 | Orc:2    | Acquired a manual of Evocations
 29237 | Orc:2    | Bought a scroll of enchant weapon for 112 gold pieces
 29237 | Orc:2    | Bought a scroll of enchant armour for 112 gold pieces
 29240 | Orc:2    | Bought a potion of cancellation for 112 gold pieces
 29428 | D:13     | Reached skill level 13 in Invocations
 30152 | D:14     | Found a gate to the Vaults.
 30156 | D:14     | Reached XP level 17. HP: 108/119 MP: 26/26
 30407 | D:14     | Found a transporter.
 30418 | D:14     | Found a transporter.
 30428 | D:14     | Reached skill level 10 in Evocations
 30464 | D:14     | Got a warped turquoise ring
 30638 | D:14     | Identified the ring of Buyf {Wiz rElec rN++} (You found it
                  | on level 14 of the Dungeon)
 31945 | D:15     | Entered Level 15 of the Dungeon
 32224 | D:15     | Identified the +10 quarterstaff of Precise Incision
                  | {vorpal, Will- Str+4 Dex+4}
 32226 | D:15     | Found a runed translucent door.
 32329 | D:15     | Found a staircase to the Depths.
 33235 | D:15     | Identified the +7 spear "Jagacax" {flame, +Blink Str+2}
 33396 | D:15     | Found a basalt altar of Yredelemnul.
 33474 | D:15     | Identified the Tome of Ashen Evil
 33478 | D:15     | Identified Wacsig's Catalogue of Quantum Poison
 33487 | D:15     | Got a steaming war axe
 33488 | D:15     | Identified the +9 war axe "Epsuogaega" {pain, rN+ Str+5
                  | Dex+4 Stlth-} (You found it on level 15 of the Dungeon)
 33665 | D:15     | Identified the ring "Qisekeig" {+Blink rN+ Will+ Str+3
                  | Dex+2} (You found it on level 15 of the Dungeon)
 34141 | Spider:1 | Entered Level 1 of the Spider Nest
 34643 | Swamp:1  | Entered Level 1 of the Swamp
 34857 | Swamp:1  | Reached skill level 14 in Invocations
 34863 | Swamp:1  | Learned a level 1 spell: Apportation
 34868 | Swamp:1  | Learned a level 4 spell: Passage of Golubria
 34871 | Swamp:1  | Learned a level 2 spell: Wereblood
 34932 | Swamp:1  | Reached XP level 18. HP: 85/127 MP: 28/28
 35412 | Swamp:2  | Reached skill level 1 in Transmutations
 35868 | Swamp:2  | Identified the ring "Duoxt" {Wiz rN+ Str-2 SInv} (You found
                  | it on level 2 of the Swamp)
 35879 | Swamp:2  | You fall into a shaft and drop 1 floor!
 36818 | Swamp:3  | Identified Roxanne's Reference Book on Moulding
 36818 | Swamp:3  | Noticed Roxanne
 36846 | Swamp:3  | Killed Roxanne
 37531 | Swamp:4  | Entered Level 4 of the Swamp
 39876 | Swamp:4  | Got a decaying rune of Zot
 40268 | Vaults:1 | Entered Level 1 of the Vaults
 40508 | Vaults:1 | Reached XP level 19. HP: 129/135 MP: 30/30
 40963 | Vaults:1 | Reached skill level 5 in Transmutations
 41439 | Vaults:1 | Found a gateway to a bazaar.
 41448 | Bazaar   | Entered a bazaar
 41462 | Bazaar   | Found Locelola's Assorted Antiques.
 41462 | Bazaar   | Found Xeonil's Magic Scroll Shoppe.
 41484 | Bazaar   | Found Behidgho's Magic Scroll Emporium.
 41500 | Bazaar   | Found Fukauwea's General Store.
 41500 | Bazaar   | Found Ufros's Jewellery Shoppe.
 41522 | Bazaar   | Found Liymatuc's Magic Scroll Shoppe.
 41581 | Bazaar   | Bought the amulet "Ifouh" {Reflect rN++ Dex+4 SH+5} for 614
                  | gold pieces
 41588 | Bazaar   | Bought a +4 ring of slaying for 858 gold pieces
 41614 | Bazaar   | Bought a scroll of blinking for 67 gold pieces
 41614 | Bazaar   | Bought a scroll of teleportation for 27 gold pieces
 41614 | Bazaar   | Bought a scroll of teleportation for 27 gold pieces
 41724 | Vaults:1 | Reached skill level 15 in Invocations
 41927 | Vaults:1 | Reached skill level 15 in Maces & Flails
 42181 | Vaults:1 | Learned a level 4 spell: Animate Dead
 42661 | Vaults:2 | Found Hepniamn's Weapon Shop.
 42759 | Vaults:2 | Reached skill level 1 in Necromancy
 42934 | Vaults:2 | Reached skill level 15 in Evocations
 43207 | Vaults:2 | Identified the Almanac of Flying Ignition
 43583 | Vaults:2 | Found Xeczes's Book Shoppe.
 44711 | Vaults:2 | Reached XP level 20. HP: 97/142 MP: 31/31
 44866 | Vaults:3 | Reached skill level 5 in Necromancy
 45126 | Vaults:3 | Reached skill level 16 in Invocations
 45508 | Vaults:3 | Found a staircase to the Crypt.
 48298 | Vaults:4 | Found Deqepnia's Armour Shop.
 48590 | Elf:1    | Entered Level 1 of the Elven Halls
 48709 | Elf:1    | Found a radiant altar of Vehumet.
 48858 | Elf:1    | Reached XP level 21. HP: 150/150 MP: 11/33
 49043 | Elf:1    | Found Muok's General Store.
 49043 | Elf:1    | Found Oruafe's Book Boutique.
 49086 | Elf:1    | Found Uboirah's Distillery.
 49138 | Elf:1    | Bought 2 potions of heal wounds for 120 gold pieces
 49196 | Elf:1    | Found Voifoi Eklu's Antique Weapon Shoppe.
 49229 | Elf:1    | Reached skill level 17 in Invocations
 49236 | Elf:1    | Reached skill level 15 in Fighting
 49659 | Elf:1    | Found Goz Qock's General Store.
 49855 | Elf:1    | Found a runed translucent door.
 49860 | Elf:1    | Noticed Hynwimna's ghost (veteran MiGl)
 49881 | Elf:2    | Found Qehamak's Book Boutique.
 50134 | Elf:2    | Found a runed translucent gate.
 50134 | Elf:2    | Found a runed translucent gate.
 50134 | Elf:2    | Found a runed translucent gate.
 51185 | Elf:2    | Found a runed translucent door.
 51187 | Elf:2    | Noticed RepoMan's ghost (adept VSIE)
 51465 | Elf:3    | Entered Level 3 of the Elven Halls
 51755 | Elf:3    | Found Juliol's Elven Fire.
 52061 | Elf:3    | Found Abbiumm's Antique Armour Shop.
 52190 | Elf:3    | Reached skill level 18 in Invocations
 52202 | Elf:3    | Reached XP level 22. HP: 145/160 MP: 7/35
 52474 | Elf:3    | Found the +8 longbow "Zephyr" {speed, Dex+3 SInv}
 52490 | Elf:3    | Got a clouded wooden ring
 52493 | Elf:3    | Identified the ring "Qicokk" {rPois rF+ Str-5 Dex-3 SInv}
                  | (You found it on level 3 of the Elven Halls)
 52498 | Elf:3    | Identified the ring "Isekiegruw" {*Tele +Blink Int+3} (You
                  | found it on level 3 of the Elven Halls)
 52500 | Elf:3    | Identified the Reference Book on Dark Snow
 52515 | Elf:3    | Identified the Handbook of Air
 53082 | Depths:1 | Entered Level 1 of the Depths
 53110 | Depths:1 | Found a flickering gateway to a bazaar.
 53131 | Bazaar   | Entered a bazaar
 53134 | Bazaar   | Found Tiuveo's Jewellery Shop.
 53153 | Bazaar   | Found Yvvirr's Antique Weapon Emporium.
 53164 | Bazaar   | Found Qautuzxo's General Store.
 53169 | Bazaar   | Found Jiskit's Book Boutique.
 53173 | Bazaar   | Found Kep Meta's Armour Shop.
 53462 | Depths:1 | Found a gateway to Hell.
 54158 | Depths:1 | Found Zyror's Jewellery Boutique.
 54158 | Depths:1 | Found Qaipn's Gadget Emporium.
 54159 | Depths:1 | Found Bieblil's Jewellery Boutique.
 54318 | Depths:2 | Found a one-way gate leading to the halls of Pandemonium.
 54446 | Depths:2 | Found a magical portal.
 54455 | WizLab   | Entered Doroklohe's Tomb
 54611 | WizLab   | Reached skill level 19 in Invocations
 54891 | WizLab   | Got a sparkling amethyst amulet
 54892 | WizLab   | Identified the amulet "Qacsa" {RegenMP Fragile Dex+6} (You
                  | found it in a wizard's laboratory)
 55114 | Depths:2 | Noticed Asterion
 55129 | Depths:2 | Killed Asterion
 55318 | Depths:2 | Noticed a golden dragon
 55327 | Depths:2 | Killed a golden dragon
 55614 | Depths:2 | Reached XP level 23. HP: 154/169 MP: 12/36
 56766 | Depths:2 | Paralysed by a floating eye for 4 turns
 58383 | Spider:2 | Learned a level 3 spell: Lesser Beckoning
 59549 | Depths:1 | Bought the ring of Summertime {Wiz rF+ Dex+4 SInv} for 1018
                  | gold pieces
 60757 | Spider:4 | Entered Level 4 of the Spider Nest
 61651 | Spider:4 | Got a gossamer rune of Zot
 61700 | Spider:4 | Reached skill level 15 in Stealth
 61987 | Spider:4 | Noticed Aizul
 61997 | Spider:4 | Killed Aizul
 62728 | Depths:3 | Reached XP level 24. HP: 165/177 MP: 34/36
 63997 | Depths:3 | Noticed a juggernaut
 64008 | Depths:3 | Killed a juggernaut
 65591 | Vaults:5 | Entered Level 5 of the Vaults
 65799 | Vaults:4 | Reached skill level 20 in Invocations
 66702 | Vaults:5 | Noticed an ancient lich
 66950 | Vaults:5 | Noticed an ancient lich
 67416 | Vaults:5 | Noticed Mennas
 67430 | Vaults:5 | Killed Mennas
 67489 | Vaults:5 | Killed an ancient lich
 67490 | Vaults:5 | Reached XP level 25. HP: 147/184 MP: 37/37
 67526 | Vaults:5 | Identified the +5 scythe of the Omega Point {flame, rC+
                  | Dex+2}
 68380 | Vaults:5 | Killed an ancient lich
 68462 | Vaults:5 | Identified the cursed +1 leather armour "Pirivin" {rF+ rN+
                  | Str+4 Dex-3}
 68791 | Vaults:5 | Identified the +3 morningstar of Valour {vorpal, +Fly Str+4
                  | Stlth+}
 69134 | Vaults:5 | Got a silver rune of Zot
 69537 | Vaults:5 | Reached skill level 21 in Invocations
 69590 | Vaults:5 | Found Ynuphil's General Store.
 69667 | Vaults:5 | Found Norucw's Magic Scroll Boutique.
 69696 | Vaults:5 | Found Maodicaf's Distillery.
 69704 | Vaults:5 | Identified the cursed +3 trident "Ulidele" {vamp, *Corrode
                  | +Rage rElec rPois}
 69704 | Vaults:5 | Identified the cursed +0 plate armour of Atixoqei {Str+4}
 70521 | Hell     | Entered the Vestibule of Hell
 70521 | Hell     | Noticed Geryon
 71277 | Hell     | Found a gateway to the decaying netherworld of Tartarus.
 71296 | Hell     | Reached XP level 26. HP: 59/193 MP: 5/37
 71304 | Hell     | HP: 1/193 [cloud of freezing vapour (28)]
 71311 | Hell     | Annihilated by a juggernaut zombie

Illustrated notes

Levels and vault maps discovered:
D:1:      lemuel_arrival_rhombus, layout_rooms, corexii_corridor_pit,
          serial_bayou_ford_a, minmay_tree_intersection
D:2:      cheibrodos_fertilizer, layout_loops_corners, nemelex_dance_club_becter
D:3:      layout_loops_cross
D:4:      layout_basic, nicolae_overflow_crystal_walls, uniq_ijyb
D:5:      layout_cave_pools, gammafunk_temple_overflow_arena, minmay_liquid_box,
          nicolae_gozag_cash_rules_everything_around_me, uniq_edmund
D:6:      layout_loops_ring, uniq_sigmund, uniq_eustachio,
          uniq_crazy_yiuf_cottage, uniq_duvessa
D:7:      layout_rooms, nicolae_tso_swordbearing_angel,
          minmay_temple_entry_offerings, serial_shops, shop
D:8:      layout_loops_corners, nicolae_qazlal_eye_of_the_storm, uniq_maggie
D:9:      layout_roguey, tgw_trog, vehumet_crystals
D:10:     layout_stronghold, minmay_misc_feat_five, uniq_josephine
D:11:     lemuel_reptile_caves, layout_rooms, erik_lair_dragon,
          minmay_orc_entry_guard_dogs, gauntlet_entry_generic, minmay_bent
D:12:     layout_loops_cross
D:13:     layout_basic, minmay_misc_feat_columns
D:14:     gammafunk_sealed_arena, layout_basic, david_vaults_1, nicolae_sextant
D:15:     hangedman_depths_entry_try_elsewhere_first, layout_basic,
          yredelemnul_altar_generic, minivault_1, minmay_st_funbox, minivault_16
Temple:   regret_index_temple_waves
Lair:1:   layout_layer_cave, beast_lair_carwin_4
Lair:2:   layout_roguey, spider_nest_entry_web_field
Lair:3:   layout_roguey, skrybe_swamp_entry_bodies, serial_forest,
          infiniplex_forest_3_way, infiniplex_forest_lined_room_,
          infiniplex_forest_clump_diagonal, infiniplex_forest_clump_diagonal,
          infiniplex_forest_clump_diagonal, infiniplex_forest_straight_3,
          infiniplex_forest_pool, infiniplex_forest_lined_ring,
          infiniplex_forest_straight_2, beast_lair_carwin_11
Lair:4:   cheibrodos_lair_overgrown_chateau, layout_gridlike, uniq_nessos
Lair:5:   gammafunk_mikee_crab_dinner, layout_hall_layers,
          portal_ice_cave_entry_animals_and_master, serial_rivers,
          chequers_serial_rivers_micro_b, chequers_serial_rivers_marsh,
          chequers_serial_rivers_small_a, chequers_serial_rivers_room_b,
          chequers_serial_rivers_marsh, chequers_serial_rivers_small_3,
          kennysheep_rathole
Lair:6:   hangedman_lair_in_review, layout_regular_city,
          minmay_slime_entry_jelly_boxes
Swamp:1:  layout_basic_swamp, infiniplex_staircase_pool, swamp_pool5
Swamp:2:  layout_falls_marsh, nicolae_swamp_trees_clearing
Swamp:3:  layout_falls_marsh, nicolae_swamp_feature_on_the_river_bank,
          swamp_pool2, uniq_roxanne
Swamp:4:  swamp, layout_basic_swamp, swamp_pool2
Spider:1: layout_spider_delve
Spider:2: layout_spider_delve
Spider:3: layout_chambers, drop_trap, nicolae_orb_island
Spider:4: grunt_spider_rune_circles, nicolae_spider_cling_ruins, uniq_aizul
Orc:1:    layout_caves, serial_shops, shop, small_statue_alley_c, uniq_urug
Orc:2:    st_orc_ogre_mass, layout_diamond_mine, serial_shops,
          nicolae_shop_waterfront, amcnicky_altar_lugonu_corruption
Elf:1:    eino_elf_arrival_altar, layout_geoelf_diagonals, serial_shops,
          shop_statue, shop, nicolae_shop_crystal, gammafunk_ghost_grave,
          hangedman_corner_corridor, minmay_shoptagon
Elf:2:    layout_loops_ring, ebering_ghost_inner_flame, serial_shops,
          nicolae_shop_trees
Elf:3:    minmay_elf_hall_statues, layout_loops_corners, serial_shops,
          nicolae_shop_competitors_out_of_business, guppyfry_elf_lava
Vaults:1: v_misc_15, v_alt_pattern_6, vaults_room_grid, v_pattern_1,
          vaults_room_door_hall, nicolae_vaults_meeting,
          hangedman_vaults_cutoff, ontoclasm_vaults_shuriken,
          nicolae_vaults_shelves_hall, ontoclasm_vaults_loading_screen,
          nicolae_vaults_border_crossing, hangedman_vaults_slice,
          layout_vaults_ring, serial_shops, bzr_entry_islet
Vaults:2: nicolae_vaults_network_quincunx
          [nicolae_vaults_network_quincunx_subvault,
          nicolae_vaults_network_quincunx_subvault,
          nicolae_vaults_network_quincunx_subvault,
          nicolae_vaults_network_quincunx_subvault,
          nicolae_vaults_network_quincunx_subvault], vaults_room_hallway,
          v_misc_29, vaults_room_semicircle, nicolae_vaults_network_square,
          v_pattern_4, vaults_mumra_minichess, v_misc_26,
          vaults_room_stairs_pillars, vaults_room_stairs_pillars,
          layout_vaults_omnicross, serial_shops, shop_fountains, shop
Vaults:3: minmay_crypt_entry_simple_statues, grunt_vaults_diagonal,
          dpeg_vaults_monster_row, v_pattern_5, vaults_mumra_lcd,
          dpeg_vaults_pockets_of_resistance, vaults_room_pools,
          nicolae_vaults_little_squares_4, vaults_room_fancy_cross,
          hangedman_vaults_stretched_pinwheel, vaults_standard_mumra_x,
          vaults_mumra_hexcomb, nicolae_vaults_asterisk, layout_vaults_omnibox
Vaults:4: v_misc_12, ontoclasm_vaults_claustrophobia, v_misc_12,
          hangedman_vaults_pinch, vaults_dpeg_ring, v_misc_9,
          nicolae_vaults_shelves_hall, dpeg_vaults_monster_box,
          layout_vaults_omnigrid
Vaults:5: uniq_mennas
Depths:1: layout_twisted_cross, hell_entry, serial_shops, bzr_entry_gold,
          abyss_entry, kennysheep_generic_room_14, grunt_megastairs_2,
          minmay_shop_grove, infiniplex_staircase_pool_lava
Depths:2: minmay_concentric_multi, layout_basic, rand_demon_pan_entry_5,
          hell_entry, hangedman_abyss_or_decor_jellyfish_corner,
          mu_enter_wizlab_6, hangedman_decor_points, uniq_asterion
Depths:3: evilmike_diamond_1, layout_gridville, pan_entry,
          serial_bayou_lagoon_a, pf_vacation_house_of_asmodeus,
          infiniplex_staircase_zigzag_1
Depths:4: cross_vault, layout_basic, enter_ziggurat_b, grunt_pan_entry_zigzag,
          hell_entry, hangedman_decor_growths, abyss_entry,
          minmay_staircase_statues
Hell

Skill      XL: |  1  2  3  4  5  6  7  8  9 10 11 12 13 14 15 16 17 18 19 20 21 22 23 24 25 |
---------------+----------------------------------------------------------------------------+-----
Maces & Flails | 3 4 5 6 7 8 9 10 11 12 13 14 15 16 18 | 18.6
Stealth        | 1 2 3 5 6 8 9 10 12 16 19 | 19.5
Fighting       | 4 5 6 7 9 10 11 12 13 14 16 17 18 19 | 19.2
Shields        | 4 5 7 8 9 10 11 12 13 | 13.6
Dodging        | 4 6 7 8 9 10 11 12 13 14 | 14.5
Evocations     | 2 4 5 7 9 12 13 16 | 16.4
Invocations    | 7 10 11 12 13 14 15 16 18 19 20 21 | 21.2
Axes           | 2 7 8 |  8.9
Translocations | 1 5 6 |  6.1
Spellcasting   | 2 3 |  3.4
Transmutations | 4 5 |  5.9
Necromancy     | 4 7 9 |  9.0

Action                   |  1- 3 |  4- 6 |  7- 9 | 10-12 | 13-15 | 16-18 | 19-21 | 22-24 | 25-27 || total
-------------------------+-------+-------+-------+-------+-------+-------+-------+-------+-------++-------
Melee: Flail             |    45 |   100 |   247 |   651 |  1141 |  1242 |   695 |   703 |   352 ||  5176
       Constrict         |    13 |    20 |    59 |   115 |   117 |   153 |   215 |   195 |    32 ||   919
       Tentacles         |     7 |    25 |    71 |   220 |   552 |   575 |   470 |   502 |   190 ||  2612
       Morningstar       |       |       |       |       |       |    21 |   338 |   396 |    45 ||   800
Throw: Javelin           |       |       |       |     6 |     3 |     4 |       |     5 |       ||    18
 Cast: Blink             |       |       |       |       |     4 |     8 |       |     3 |     3 ||    18
       Wereblood         |       |       |       |       |       |     3 |    12 |    12 |     2 ||    29
       Animate Dead      |       |       |       |       |       |       |    13 |    14 |     2 ||    29
       Lesser Beckoning  |       |       |       |       |       |       |       |     1 |     2 ||     3
Invok: Bend Time         |       |       |       |       |     5 |     3 |     1 |       |       ||     9
       Slouch            |       |       |       |       |     1 |     8 |     2 |     7 |     3 ||    21
       Step From Time    |       |       |       |       |       |     2 |     1 |     2 |     1 ||     6
Evoke: Wand              |       |       |    10 |    21 |    50 |    30 |    10 |    34 |     7 ||   162
       Condenser vane    |       |       |       |       |       |     2 |     2 |     1 |     1 ||     6
  Use: Scroll            |     5 |     6 |    10 |    16 |    11 |    22 |     3 |    19 |     4 ||    96
       Potion            |       |       |     1 |     8 |     3 |     3 |       |     6 |     8 ||    29
 Stab: Sleeping          |     5 |    22 |    10 |    20 |    21 |    33 |    39 |    21 |     2 ||   173
       Distracted        |       |       |     1 |     5 |     3 |    12 |     6 |    13 |    13 ||    53
       Confused          |       |       |       |       |       |    10 |       |       |       ||    10
       Invisible         |       |       |       |       |       |     8 |       |     1 |       ||     9
       Betrayed ally     |       |       |       |       |       |       |       |     1 |       ||     1
Armor: Skin              |     5 |     5 |    48 |   108 |   158 |   117 |    58 |   113 |    33 ||   645
Dodge: Dodged            |    17 |    37 |   113 |   479 |   982 |  1171 |   591 |   801 |   294 ||  4485
Block: Kite shield       |    17 |    38 |   144 |   455 |  1214 |  1370 |  1111 |  1464 |   503 ||  6316
       Reflection        |       |       |       |       |       |       |   155 |    67 |    15 ||   237
